 Dungeon Crawl Stone Soup version 0.20.0-15-g7f486f2 (webtiles) character file.

505 torrenera the Grappler (level 6, -3/88 HPs)
             Began as a Troll Berserker on June 30, 2017.
             Was a Priest of Trog.
             Slain by Crazy Yiuf
             ... wielding a +4 quarterstaff of chaos
              (12 damage)
             ... on level 3 of the Dungeon.
             The game lasted 00:04:34 (2054 turns).

torrenera the Grappler (Troll Berserker)            Turns: 2054, Time: 00:04:35

Health: -3/88      AC:  5    Str: 31    XL:     6   Next: 96%
Magic:  5/5        EV: 10    Int:  3    God:    Trog [***...]
Gold:   137        SH:  0    Dex: 11    Spells: 5/5 levels left

rFire    . . .     SeeInvis .     - Unarmed
rCold    . . .     Gourm    +   (no shield)
rNeg     . . .     Faith    .   a - +0 animal skin
rPois    .         Spirit   .   (helmet restricted)
rElec    .         Reflect  .   (no cloak)
rCorr    .         Harm     .   (gloves unavailable)
MR       .....                  (boots unavailable)
Stlth    ..........             (no amulet)
Regen    0.7/turn               (no ring)
MPRegen  0.1/turn               (no ring)

@: berserking, very quick
A: unfitting armour, claws 3, fast metabolism 3, gourmand, regeneration 1,
shaggy fur 1, tough skin 2
a: Berserk, Trog's Hand, Burn Spellbooks, Renounce Religion


You were on level 3 of the Dungeon.
You worshipped Trog.
Trog was most pleased with you.
You were very full.

You visited 1 branch of the dungeon, and saw 3 of its levels.

You collected 137 gold pieces.

Inventory:

Missiles
 j - 142 stones (quivered)
 r - 2 large rocks
Armour
 a - a +0 animal skin (worn)
Jewellery
 i - an uncursed ring of resist corrosion {unknown}
 k - a cursed ring of teleportation {unknown}
Scrolls
 d - 5 scrolls of identify {unknown}
 e - 2 scrolls of remove curse {unknown}
 g - a scroll of enchant armour {unknown}
 h - 2 scrolls of recharging {unknown}
 m - a scroll of magic mapping {unknown}
 q - a scroll of random uselessness {unknown}
Potions
 f - a potion of curing {unknown}
 l - a potion of brilliance {unknown}
 n - 2 potions of heal wounds {unknown}
 o - a potion of mutation {unknown}
 s - a potion of flight {unknown}
Comestibles
 b - 5 bread rations
 c - 4 meat rations
 p - 4 chunks of flesh


   Skills:
 - Level 2.4 Fighting
 - Level 2.4 Dodging
 + Level 8.0 Unarmed Combat


You had 5 spell levels left.
You didn't know any spells.

Dungeon Overview and Level Annotations

Branches:
Dungeon (3/15)

Altars:
Cheibriados
Makhleb
Trog

Annotations:
D:3 Crazy Yiuf


Innate Abilities, Weirdness & Mutations

You are too large for most types of armour.
You have claws for hands.
Your metabolism is lightning-fast.
You like to eat raw meat.
Your natural rate of healing is unusually fast.
You are covered in fur. (AC +1)
You have very tough skin. (AC +2)


Message History

Crazy Yiuf is moderately wounded.
You barely miss Crazy Yiuf.
Crazy Yiuf is moderately wounded.
Crazy Yiuf barely misses you.
You closely miss Crazy Yiuf.
Crazy Yiuf is moderately wounded.
Crazy Yiuf hits you with a quarterstaff of chaos!
* * * LOW HITPOINT WARNING * * *
A red film seems to cover your vision as you go berserk!
You feel yourself moving faster!
You feel mighty!
Crazy Yiuf hits you with a quarterstaff of chaos.
* * * LOW HITPOINT WARNING * * *
You are electrocuted!
* * * LOW HITPOINT WARNING * * *
You closely miss Crazy Yiuf.
Crazy Yiuf is moderately wounded.
You barely miss Crazy Yiuf.
Crazy Yiuf is moderately wounded.
Crazy Yiuf hits you with a quarterstaff of chaos!
You die...

####♣♣ #### ######.#..♣♣
♣♣#..)#
#...#.....P♣♣♣♣.@g..#
#.........P.♣..♣#...#
#...####.P.♣.♣♣♣ ####
#...# ##♣♣♣♣♣ #.W.####
#......######
#....##.##..# #####
#.....#.##..####...#
.......>).<......#.#####


You could see Crazy Yiuf.

Vanquished Creatures
  The ghost of polve the Slasher, an amateur DsAK of Lugonu (D:3)
  Purgy (D:3)
  Jessica (D:3)
  Natasha (thrice) (D:2)
  Robin (D:2)
  An adder (D:3)
  4 gnolls (D:3)
  2 worms
  4 dart slugs (D:1)
  9 orcs (D:3)
  2 ball pythons
  A giant cockroach (D:2)
  17 goblins
  10 hobgoblins
  13 jackals
  5 bats
  4 frilled lizards (D:1)
  9 kobolds
  A leopard gecko skeleton (D:3)
  11 rats
  A fungus (D:3)
101 creatures vanquished.

Notes
Turn   | Place    | Note
-------+----------+-------------------------------------------
     0 | D:1      | torrenera the Troll Berserker began the quest for the Orb.
     0 | D:1      | Reached XP level 1. HP: 22/22 MP: 0/0
   131 | D:1      | Reached XP level 2. HP: 25/29 MP: 1/1
   314 | D:1      | Reached skill level 4 in Unarmed Combat
   436 | D:1      | Reached XP level 3. HP: 36/36 MP: 2/2
   557 | D:1      | Reached ** piety under Trog
   685 | D:2      | Noticed Natasha
   700 | D:2      | Killed Natasha
   700 | D:2      | Reached XP level 4. HP: 25/44 MP: 3/3
   769 | D:2      | Reached skill level 5 in Unarmed Combat
   801 | D:2      | Noticed Natasha
   806 | D:2      | Killed Natasha
  1077 | D:2      | Noticed Robin
  1172 | D:2      | Killed Robin
  1360 | D:2      | Found a burning altar of Makhleb.
  1383 | D:2      | Noticed Natasha
  1396 | D:2      | Killed Natasha
  1396 | D:2      | Reached XP level 5. HP: 48/50 MP: 4/4
  1414 | D:3      | Noticed Jessica
  1418 | D:3      | Killed Jessica
  1418 | D:3      | Reached *** piety under Trog
  1418 | D:3      | Reached skill level 6 in Unarmed Combat
  1488 | D:3      | Found a snail-covered altar of Cheibriados.
  1535 | D:3      | Noticed Purgy
  1554 | D:3      | Killed Purgy
  1554 | D:3      | Reached XP level 6. HP: 42/59 MP: 5/5
  1557 | D:3      | Reached skill level 7 in Unarmed Combat
  1660 | D:3      | Found a bloodstained altar of Trog.
  1848 | D:3      | Received a gift from Trog
  1974 | D:3      | Noticed polve's ghost (amateur DsAK)
  1985 | D:3      | Killed polve's ghost
  1985 | D:3      | Reached skill level 8 in Unarmed Combat
  2042 | D:3      | Found a runed door.
  2046 | D:3      | Noticed Crazy Yiuf
  2054 | D:3      | Slain by Crazy Yiuf

Skill      XL: |  1  2  3  4  5  6 |
---------------+-------------------+-----
Unarmed Combat | 4 5 6 8 |  8.0
Fighting       | |  2.4
Dodging        | |  2.4

Action                   |  1- 3 |  4- 6 || total
-------------------------+-------+-------++-------
Melee: Unarmed           |    92 |   182 ||   274
       Punch             |     1 |     6 ||     7
Invok: Berserk           |       |     2 ||     2
 Stab: Sleeping          |       |     2 ||     2
  Eat: Chunk             |    12 |    13 ||    25
Armor: Animal skin       |    32 |    57 ||    89
Dodge: Dodged            |    43 |   104 ||   147
